Unix NetHack Version 5.0.0-0 post-release - last build May 31 2026 23:59:36 (970b52f25bf058293b47ddfd14a1e40e571c508c,branch:main).

Game began 2026-06-02 17:34:02, ended 2026-06-02 18:15:22.

Eymerich, chaotic male elven Priest

                                                                   -------
                                                                   |<.....#
                         ---------                                 -..[..|#
                         |...i...|                                 -------#
                         |.......|                                       ##
                         |.......|                                     ###
                         |.......|                                     #
                         |....{df@#                                    #-----
                         ---------q           #          }             #|...|
                           ##############################}            ##....|
                                  #           #         #}            # |...|
                                                        #}       ###### -----
                                                        #}}}}}}###
                                                        ########

Eymerich the Acolyte         St:12 Dx:11 Co:13 In:11 Wi:20 Ch:10  Chaotic
Dlvl:5  $:343 HP:0(35) Pw:58(58) AC:6  Xp:4 T:2853 

Latest messages:
 The kitten is killed!
 You swap places with Pinky.
 You stop.  Puffa is in the way!
 You swap places with Puffa.
 You attack thin air.
 You see here a pair of walking shoes.
 Q - a pair of walking shoes.
 What do you want to wear? [Q or ?*]
 You finish your dressing maneuver.
 You see here an orange gem.
 You see here an orange gem.
 R - an orange gem.
 What do you want to write with? [- aipqsuvNOR or ?*]
 You write in the dust with a cursed magic whistle.
 Never mind.
 What do you want to eat? [efBDE or ?*]
 You cannot eat that!
 What do you want to eat? [efBDE or ?*]
 Never mind.
 What do you want to write with? [- aipqsuvNOR or ?*]
 You write in the dust with an orange gem.
 Never mind.
 #
 What do you want to name? [a-fim-suvyzBD-FM-R or ?*]
 Pinky misses the imp.
 You hear some noises in the distance.
 You miss the rothe.
 The rothe hits!
 The rothe bites!
 The rothe just misses!
 You miss the rothe.
 The rothe hits!
 The rothe bites!
 The rothe bites again!
 You hit the rothe!
 The rothe hits!
 The rothe bites!
 The rothe bites again!
 You miss the rothe.
 The rothe hits!
 The rothe just misses!
 The rothe bites!
 The rothe hits!
 The rothe bites!
 The rothe bites again!
 You die...
 Do you want your possessions identified? [ynq] (y)
 Do you want to see your attributes? [ynq] (y)
 Do you want an account of creatures vanquished? [ynaq] (y)
 Do you want to see your conduct and achievements? [ynq] (y)

Inventory:
 Coins    ('$')
  $ - 343 gold pieces
 Weapons  (')')
  u - a blessed +3 arrow
  s - 8 blessed +2 arrows
  v - 12 +0 arrows
  q - 39 +0 darts (at the ready)
  a - a blessed +1 mace (weapon in right hand)
  O - a corroded +0 lucern hammer
 Armor    ('[')
  Q - a +0 pair of low boots (being worn)
  c - a +0 small shield (being worn)
  b - a +0 robe (being worn)
 Comestibles  ('%')
  e - a clove of garlic
  B - 2 food rations
  D - a fortune cookie
  f - a sprig of wolfsbane
  E - a lichen corpse
 Scrolls  ('?')
  F - 2 scrolls of teleportation
 Spellbooks  ('+')
  y - a spellbook of cone of cold
 Potions  ('!')
  o - a potion of healing
  M - a potion of speed
  d - 4 potions of holy water
  z - a potion of water
  P - a potion of unholy water
 Wands    ('/')
  N - a wand of sleep (0:5)
 Tools    ('(')
  i - a magic marker (0:20)
  r - a cursed magic whistle
  m - a mirror
  n - a stethoscope
 Gems/Stones  ('*')
  R - a worthless piece of orange glass named soft
  p - a worthless piece of white glass named soft

Eymerich the Priest's attributes:

Background:
 You were an Acolyte, a level 4 elven Priest.
 You were chaotic, on a mission for Manannan Mac Lir
 who was opposed by Lugh (lawful) and Brigit (neutral).
 You were right-handed.
 You were in the Dungeons of Doom, on level 5.
 You entered the dungeon 2853 turns ago.
 There was a full moon in effect when your adventure ended.
 You had 136 experience points, 24 more were needed to attain level 5.

Basics:
 You had 0 out of 35 hit points.
 You had all 58 energy points (spell power).
 Your armor class was 6.
 Your wallet contained 343 zorkmids.
 Autopickup was off.

Final Characteristics:
 Your strength was 12 (peak:13, limit:18).
 Your dexterity was 11 (limit:18).
 Your constitution was 13 (limit:16).
 Your intelligence was 11 (limit:20).
 Your wisdom was 20 (limit:20).
 Your charisma was 10 (limit:18).

Final Status:
 You weren't hungry.
 You were unencumbered.
 You were wielding a mace.
 You had basic skill with mace.

Final Attributes:
 You were piously aligned.
 You were sleep resistant.
 You were telepathic.
 You had infravision.
 You were guarded.
 Your spell casting was enhanced by wearing a robe.
 You were lucky.
 You are dead.

Miscellaneous:
 You didn't encounter any bones levels.
 Total elapsed playing time was 41 minutes and 19 seconds.

Major events:
 Turn
    1: Eymerich the chaotic elven Priest entered the dungeon
 1067: attained the rank of Acolyte (level 3)
 1817: entered the Gnomish Mines
 2853: killed by a rothe

Spells:
 Name                 Level Category     Fail Retention
 light                  1   clerical       0%   81%-90%
 extra healing          3   healing       50%  76%-100%

Skills:
 Fighting Skills
   bare handed combat [Unskilled]
 Weapon Skills
   club               [Unskilled]
   mace               [Basic]
   morning star       [Unskilled]
   flail              [Unskilled]
   hammer             [Unskilled]
   quarterstaff       [Unskilled]
   polearms           [Unskilled]
   spear              [Unskilled]
   trident            [Unskilled]
   lance              [Unskilled]
   bow                [Unskilled]
   sling              [Unskilled]
   crossbow           [Unskilled]
   dart               [Unskilled]
   shuriken           [Unskilled]
   boomerang          [Unskilled]
   unicorn horn       [Unskilled]
 Spellcasting Skills
   healing spells     [Unskilled]
   divination spells  [Unskilled]
   clerical spells    [Basic]

Voluntary challenges:
 Character rerolling was not enabled.
 You never genocided any monsters.
 You never polymorphed an object.
 You never changed form.
 You used no wishes.
Achievements:
 You attained the rank of Acolyte.
 You entered a shop.
 You entered the Gnomish Mines.

 The Dungeons of Doom: levels 1 to 5
    Level 1: "vault"
       A fountain.
    Level 2:
       A general store, a sink.
    Level 3: "locked box"
       A fountain.
       Stairs down to The Gnomish Mines.
    Level 4: "vault, locked box"
       A fountain.
    Level 5: <- You were here.
       A sink.
       Final resting place for
          you, killed by a rothe.
 The Gnomish Mines:
    Level 4:


Vanquished creatures:
  4 fog clouds
  a floating eye
  a kitten
  a hill orc
 an orc zombie
  a wererat
 an acid blob
  a coyote
  a hobgoblin
  a brown mold
  a yellow mold
  a red mold
  a gnome
  2 geckos
  3 jackals
  2 foxes
  2 kobolds
  a sewer rat
  9 grid bugs
  3 lichens
  7 newts
45 creatures vanquished.

No species were genocided or became extinct.

Game over:
                       ----------
                      /          \
                     /    REST    \
                    /      IN      \
                   /     PEACE      \
                  /                  \
                  |     Eymerich     |
                  |      343 Au      |
                  |   killed by a    |
                  |      rothe       |
                  |                  |
                  |                  |
                  |       2026       |
                 *|     *  *  *      | *
        _________)/\\_//(\/(/\)/\//\/|_)_______

Goodbye Eymerich the Priest...

You died in The Dungeons of Doom on dungeon level 5 with 1073 points,
and 343 pieces of gold, after 2853 moves.
You were level 4 with a maximum of 35 hit points when you died.

